 Dungeon Crawl Stone Soup version 0.31-a0-1002-g8e65716e6e (webtiles) character file.

Game seed: 3521952843300874816

101230 Gargoyl the Bludgeoner (level 16, -23/117 HPs)
             Began as a Gargoyle Berserker on Nov 9, 2023.
             Was a Priest of Trog.
             Killed from afar by a war gargoyle (26 damage)
             ... with a spray of metal splinters
             ... in a wizard's laboratory.
             The game lasted 00:33:41 (21877 turns).

Gargoyl the Bludgeoner (Gargoyle Berserker)        Turns: 21877, Time: 00:33:41

Health: -23/117    AC: 28    Str: 36    XL:     16   Next: 30%
Magic:  14/14      EV: 18    Int:  8    God:    Trog [***...]
Gold:   2577       SH: 14    Dex: 21    Spells: 15/15 levels left

rFire   + . .        l - +5 hammer "Recoqyec" {venom, Will- rCorr Str+7}
rCold   . . .        O - +0 kite shield
rNeg    + . .        x - +0 swamp dragon scales
rPois   ∞            P - +0 hat of the Bard {Dex+6}
rElec   +            k - +1 cloak
rCorr   +            n - +1 pair of gloves
SInv    .            B - +0 pair of boots
Will    .....        T - amulet of regeneration
Stlth   +++          q - +6 ring of strength
HPRegen 1.19/turn    K - ring of protection from fire
MPRegen 0.14/turn

%: no passive effects
@: on berserk cooldown, flying, slowed, very slow
A: sickness immunity, AC +12, big wings, negative energy resistance 1,
electricity resistance, torment resistance 1, petrification resistance, low MP
1, robust 1, wild magic 1
a: Renounce Religion, Berserk, Trog's Hand


You were in a wizard's laboratory.
You worshipped Trog.
Trog was most pleased with you.
You visited 3 branches of the dungeon, and saw 19 of its levels.
You also visited: Sewer and Wizlab.

You collected 2577 gold pieces.

Inventory:

Hand Weapons
 a - a +5 broad axe of flaming
 l - the +5 hammer "Recoqyec" (weapon) {venom, Will- rCorr Str+7}
   (You found it on level 2 of the Dungeon)

   Str+7:     It affects your strength (+7).
   Will-:     It decreases your willpower.
   rCorr:     It protects you from acid and corrosion.
 W - a +4 hand axe of draining
Missiles
 b - 94 poisoned darts
 t - 18 curare-tipped darts (quivered)
 v - 2 throwing nets
Armour
 k - a +1 cloak (worn)
 n - a +1 pair of gloves (worn)
 x - +0 swamp dragon scales (worn)
 B - a +0 pair of boots (worn)
 O - a +0 kite shield (worn)
 P - the +0 hat of the Bard (worn) {Dex+6}
   (You acquired it on level 2 of the Lair of Beasts)

   Dex+6:     It affects your dexterity (+6).
Jewellery
 q - a +6 ring of strength (left hand)
 J - a ring of willpower
 K - a ring of protection from fire (right hand)
 T - an amulet of regeneration (around neck)
 X - a +6 ring of dexterity
Wands
 u - a wand of mindburst (26)
 w - a wand of charming (26)
 A - a wand of iceblast (14)
 D - a wand of light (16)
 N - a wand of polymorph (6)
 S - a wand of flame (22)
Scrolls
 e - 4 scrolls of vulnerability
 g - a scroll of identify
 h - 9 scrolls of teleportation
 y - a scroll of fog
 F - 3 scrolls of immolation
 G - 2 scrolls of poison
 H - 3 scrolls of silence
 M - 4 scrolls of torment
 R - 3 scrolls of blinking
 U - 2 scrolls of revelation
 V - 3 scrolls of enchant weapon
Potions
 c - 3 potions of ambrosia
 d - 2 potions of might
 f - 2 potions of mutation
 i - 6 potions of curing
 j - 2 potions of cancellation
 m - 5 potions of heal wounds
 o - 6 potions of magic
 p - 6 potions of invisibility
 r - 4 potions of berserk rage
 z - 4 potions of brilliance
 C - 5 potions of enlightenment
 E - 2 potions of resistance {unknown}
 I - a potion of attraction
 L - 3 potions of lignification {unknown}
 Q - 3 potions of haste {unknown}


   Skills:
 + Level 14.7 Fighting
 + Level 6.0(11.0) Axes
 + Level 15.5(16.0) Maces & Flails
 + Level 1.3 Throwing
 + Level 10.9 Armour
 + Level 10.6 Dodging
 + Level 5.7 Stealth
 + Level 12.5 Shields


You had 15 spell levels left.
You didn't know any spells.
Your spell library was empty.

Dungeon Overview and Level Annotations

Branches:
Dungeon (13/15)            Temple (0/1) D:5            Lair (5/5) D:11
 Shoals (0/4) Lair:3        Snake (0/4) Lair:3        Slime (0/5) Lair:5
    Orc (0/2) D:11         Vaults (1/5) D:13          Sewer (visited)
 WizLab (1/1)

Altars:
Ashenzari
Cheibriados
Dithmenos
Nemelex Xobeh
Qazlal
Ru
Sif Muna
Uskayaw
Wu Jian
Jiyva
Lugonu

Shops:
D:2 :   D:3 :   D:5 :

Portals:
Abyss: Lair:5


Innate Abilities, Weirdness & Mutations

You are immune to sickness and miasma.
Your stone body is resilient. (AC +12)
You are immune to poison.
Your large and strong wings let you fly.
You resist negative energy. (rN+)
You are resistant to electric shocks. (rElec)
You are resistant to unholy torment.
You are immune to petrification.
Your magical capacity is low. (-10% MP)
You are robust. (+10% HP)
Your spells are a little harder to cast, but a little more powerful.


Message History

The peacekeeper hurls a volley of spikes at you.
You block the volley of spikes.
The war gargoyle hits you with a +0 morningstar.
The peacekeeper bites you!
The peacekeeper claws you but does no damage.
The war gargoyle launches metal splinters at you.
The spray of metal splinters misses you.
The peacekeeper roars a battlecry!
The peacekeeper goes into a battle-frenzy!
Setting a skill training target for Axes at 14.0.
You hit the gargoyle.
The gargoyle is lightly damaged.
The war gargoyle closely misses you. The peacekeeper bites you!
The peacekeeper claws you but does no damage.
You block the war gargoyle's attack.
The gargoyle hurls a stone arrow at you.
You block the stone arrow.
The gargoyle hits you but does no damage.
The war gargoyle hits you with a +0 morningstar!!!
The peacekeeper bites you.
* * * LOW HITPOINT WARNING * * *
The peacekeeper claws you but does no damage.
The war gargoyle launches metal splinters at you.
The spray of metal splinters hits you but does no damage.
You hit the gargoyle but do no damage.
The gargoyle is lightly damaged.
The peacekeeper bites you but does no damage.
The peacekeeper claws you!
* * * LOW HITPOINT WARNING * * *
The gargoyle hurls a stone arrow at you.
You block the stone arrow.
A gargoyle comes into view. It is wielding a +0 flail.
The war gargoyle hits you but does no damage.
The peacekeeper bites you!!
* * * LOW HITPOINT WARNING * * *
The peacekeeper claws you but does no damage.
You hit the war gargoyle but do no damage.
The war gargoyle launches metal splinters at you.
The spray of metal splinters hits you!!
You die...

#....#....#
#....#....#
#####8.....###
#...###'''##
#... #.....#
#....#.....#
#....#.....#9..
#....9998......#
####99@###...###
#.99## #...8#
#.... .9..#
#.... ...# #....
..# ##### ###


You could see 2 war gargoyles, 2 peacekeepers and 4 gargoyles.

Vanquished Creatures
  Kirke (D:13)
  A vault warden (Vaults:1)
  An angel (WizLab)
  A war gargoyle (WizLab)
  An ettin (D:13)
  The ghost of confidenceinterval the Severer, a journeyman HOFi of Makhleb (Lair:2)
  A fire dragon (D:13)
  An ice dragon (D:11)
  Harold (D:9)
  2 vault guards
  3 hydras
  3 catoblepae
  4 centaur warriors (D:13)
  3 peacekeepers (WizLab)
  5 boulder beetles
  3 two-headed ogres
  12 death yaks
  Urug (D:13)
  2 thrashing horrors (Lair:5)
  5 skysharks
  Amaemon (Lair:1)
  2 lindwurms
  An oklob plant (Lair:3)
  A deep elf pyromancer (D:13)
  2 ugly things
  A salamander (Lair:3)
  5 cyclopes
  2 manticores
  10 elephants
  An orange demon (Lair:2)
  5 black mambas
  8 gargoyles
  Maggie (D:6)
  3 unseen horrors
  13 cane toads
  6 rime drakes
  A yaktaur (shapeshifter) (Lair:5)
  12 komodo dragons
  The ghost of Conn the Sneak, a novice OpFE (D:6)
  A kobold demonologist (D:8)
  A polar bear (Lair:2)
  A meliai (shapeshifter) (D:13)
  10 trolls
  A hornet (D:9)
  A wind drake (Lair:3)
  A raiju (Lair:5)
  30 blink frogs
  A dream sheep (Lair:2)
  11 slime creatures (D:13)
  4 ynoxinuls (Lair:5)
  Sigmund (D:2)
  A water elemental (D:11)
  2 vampires
  A wraith (D:9)
  10 spriggans
  2 hogs (D:13)
  10 basilisks
  6 wyverns
  40 yaks
  A chaos spawn (Lair:5)
  2 steam dragons
  5 vampire mosquitoes (D:13)
  2 acid dragons
  2 nagas (Lair:3)
  A naga (shapeshifter) (Lair:5)
  23 water moccasins
  2 orc warriors (D:9)
  5 black bears
  A sky beast (D:6)
  2 ice beasts
  17 wolves
  14 centaurs
  2 phantoms
  9 small abominations (Lair:5)
  9 kobold brigands
  Blork the orc (D:5)
  4 scorpions
  2 gnoll sergeants
  19 bullfrogs
  2 earth elementals (WizLab)
  A wight (D:9)
  7 killer bees
  6 electric eels
  10 howler monkeys
  Crazy Yiuf (D:2)
  6 jellies (Lair:5)
  An orc priest (D:6)
  3 hounds
  5 iguanas
  Terence (D:2)
  12 orc wizards
  A lightning spire (WizLab)
  22 gnolls
  13 adders
  8 river rats (Sewer)
  6 white imps
  4 ufetubi (D:6)
  2 worms
  A dart slug (D:2)
  34 orcs
  5 ball pythons
  5 endoplasms
  A giant cockroach (D:4)
  7 goblins
  3 hobgoblins
  31 kobolds
  4 quokkas
  2 bats
  3 frilled lizards
  21 rats
614 creatures vanquished.

Vanquished Creatures (collateral kills)
  An angel (WizLab)
  A war gargoyle (WizLab)
  An ettin (WizLab)
  A hydra (Lair:1)
  2 centaur warriors (D:13)
  3 boulder beetles (D:13)
  2 thrashing horrors (Lair:5)
  The ghost of Wizop the Martial Artist, a novice DsSh of Wu Jian (D:8)
  A fire crab (shapeshifter) (D:13)
  An ironbound convoker (Vaults:1)
  An ugly thing (D:13)
  A guardian serpent (shapeshifter) (D:13)
  A gargoyle (WizLab)
  An efreet (D:13)
  3 trolls (D:13)
  A wraith (D:13)
  2 vampire mosquitoes (D:13)
  2 centaurs (D:13)
  5 kobold brigands (D:8)
  A gnoll sergeant (D:8)
  2 bullfrogs
34 creatures vanquished.

Vanquished Creatures (others)
  A spriggan (D:9)
  A hobgoblin (D:3)
2 creatures vanquished.

Grand Total: 650 creatures vanquished

Notes
Turn   | Place    | Note
-------+----------+-------------------------------------------
     0 | D:1      | Gargoyl the Gargoyle Berserker began the quest for the Orb.
     0 | D:1      | Reached XP level 1. HP: 14/14 MP: 1/1
   661 | D:2      | Noticed Sigmund
   667 | D:2      | Killed Sigmund
   668 | D:2      | Reached XP level 2. HP: 19/20 MP: 2/2
   668 | D:2      | Reached XP level 3. HP: 22/24 MP: 3/3
   668 | D:2      | Reached XP level 4. HP: 28/30 MP: 4/4
   668 | D:2      | Reached XP level 5. HP: 32/34 MP: 5/5
   755 | D:2      | Identified the +1 spear "Xetutz" {flame, Str-5 Dex+9}
   795 | D:2      | Noticed Terence
   810 | D:2      | Killed Terence
   869 | D:2      | Found a transporter.
   869 | D:2      | Found Yporinte's Book Emporium.
   873 | D:2      | Found a transporter.
  1009 | D:2      | Found a runed translucent door.
  1010 | D:2      | Noticed Crazy Yiuf
  1017 | D:2      | Killed Crazy Yiuf
  1018 | D:2      | Reached XP level 6. HP: 40/40 MP: 6/6
  1021 | D:2      | Identified the +5 hammer "Recoqyec" {venom, Will- rCorr
                  | Str+7}
  1537 | D:3      | Found Qomm's Book Boutique.
  1632 | D:3      | Identified the +0 falchion "Hydrabane" {freeze, rPois rN+
                  | Int+2 Stlth-}
  1764 | D:3      | Found a glowing drain.
  1769 | Sewer    | Entered a sewer
  1891 | Sewer    | Reached skill level 5 in Fighting
  1905 | Sewer    | Reached skill level 1 in Maces & Flails
  1985 | Sewer    | Reached ** piety under Trog
  2069 | Sewer    | Reached XP level 7. HP: 37/44 MP: 7/7
  2249 | Sewer    | Reached skill level 2 in Maces & Flails
  2893 | D:3      | Found an ornate altar of the Wu Jian Council.
  3402 | D:4      | Reached skill level 3 in Maces & Flails
  3514 | D:4      | Reached *** piety under Trog
  3643 | D:4      | Gained mutation: Your muscles are strong. (Str +4, Int/Dex
                  | -1) [potion of mutation]
  3643 | D:4      | Gained mutation: You sometimes lose your temper in combat.
                  | [potion of mutation]
  3643 | D:4      | Lost mutation: Your muscles are strong. (Str +4, Int/Dex
                  | -1) [potion of mutation]
  3643 | D:4      | Gained mutation: You have a somewhat thin skeletal
                  | structure. (Dex +2, Stealth+) [potion of mutation]
  4064 | D:5      | Entered Level 5 of the Dungeon
  4111 | D:5      | Found a staircase to the Ecumenical Temple.
  4123 | D:5      | Reached XP level 8. HP: 51/51 MP: 8/8
  4133 | D:5      | Reached skill level 4 in Maces & Flails
  4214 | D:5      | Noticed Blork the orc
  4224 | D:5      | Killed Blork the orc
  4225 | D:5      | Reached skill level 5 in Maces & Flails
  4267 | D:5      | Found Funimongus's Book Boutique.
  4378 | D:5      | Found a shadowy altar of Dithmenos.
  4572 | D:6      | Found a sparkling altar of Nemelex Xobeh.
  4586 | D:6      | Reached skill level 6 in Maces & Flails
  4586 | D:6      | Reached skill level 5 in Armour
  4591 | D:6      | Lost mutation: You have a somewhat thin skeletal structure.
                  | (Dex +2, Stealth+) [potion of mutation]
  4591 | D:6      | Lost mutation: You sometimes lose your temper in combat.
                  | [potion of mutation]
  4591 | D:6      | Gained mutation: Your spells are a little harder to cast,
                  | but a little more powerful. [potion of mutation]
  4591 | D:6      | Gained mutation: Your magical capacity is low. (-10% MP)
                  | [potion of mutation]
  4591 | D:6      | Gained mutation: You are robust. (+10% HP) [potion of
                  | mutation]
  4732 | D:6      | Reached XP level 9. HP: 61/61 MP: 8/8
  4791 | D:6      | Found a broken altar of Ashenzari.
  4809 | D:6      | Reached skill level 7 in Maces & Flails
  4817 | D:6      | Noticed Maggie
  4946 | D:6      | Killed Maggie
  4950 | D:6      | Reached **** piety under Trog
  5062 | D:6      | Found a stormy altar of Qazlal.
  5123 | D:6      | Found a runed translucent door.
  5131 | D:6      | Noticed Conn's ghost (novice OpFE)
  5341 | D:6      | Killed Conn's ghost
  5342 | D:6      | Reached skill level 8 in Maces & Flails
  5342 | D:6      | Reached skill level 1 in Stealth
  5459 | D:7      | Reached XP level 10. HP: 70/70 MP: 9/9
  5621 | D:7      | Found a hide-covered altar of Uskayaw.
  5833 | D:7      | Found a snail-covered altar of Cheibriados.
  6254 | D:8      | Noticed a two-headed ogre
  6259 | D:8      | Killed a two-headed ogre
  6260 | D:8      | Reached skill level 9 in Maces & Flails
  6348 | D:8      | You fall into a shaft and drop 1 floor!
  6455 | D:9      | Reached skill level 10 in Maces & Flails
  6595 | D:9      | Found a shimmering blue altar of Sif Muna.
  6599 | D:9      | Noticed Harold
  6611 | D:9      | Killed Harold
  6612 | D:9      | Reached XP level 11. HP: 48/78 MP: 9/9
  6777 | D:9      | Reached skill level 5 in Dodging
  6904 | D:9      | Reached skill level 11 in Maces & Flails
  7268 | D:9      | Noticed a two-headed ogre
  7280 | D:9      | Killed a two-headed ogre
  7281 | D:9      | Reached skill level 10 in Fighting
  7522 | D:8      | Found a runed translucent gate.
  7522 | D:8      | Found a runed translucent gate.
  7522 | D:8      | Found a runed translucent gate.
  7536 | D:8      | Noticed Wizop's ghost (novice DsSh)
  7948 | D:8      | Found a sacrificial altar of Ru.
  8138 | D:8      | Killed Wizop's ghost
  8531 | D:9      | Reached skill level 12 in Maces & Flails
  8739 | D:10     | Entered Level 10 of the Dungeon
  9255 | D:10     | Reached skill level 5 in Axes
  9255 | D:10     | Reached XP level 12. HP: 66/86 MP: 10/10
  9818 | D:11     | Identified the +7 dagger of Zakheuxakh {vamp, rPois Will+}
  9921 | D:11     | Noticed a boulder beetle
  9932 | D:11     | Killed a boulder beetle
  9984 | D:11     | Found a staircase to the Lair.
  9996 | D:11     | Reached skill level 1 in Shields
 10305 | D:11     | Found a staircase to the Orcish Mines.
 10328 | D:11     | Identified a scroll of acquirement
 10328 | D:11     | Acquired 1000 gold pieces
 11149 | D:11     | Noticed an ice dragon
 11153 | D:11     | Found the +10 dark maul {heavy}
 11167 | D:11     | Killed an ice dragon
 11373 | Lair:1   | Entered Level 1 of the Lair of Beasts
 11755 | Lair:1   | Reached skill level 13 in Maces & Flails
 12698 | Lair:1   | Reached XP level 13. HP: 93/93 MP: 11/11
 13167 | Lair:2   | Noticed confidenceinterval's ghost (journeyman HOFi)
 13592 | Lair:2   | Noticed Amaemon
 13619 | Lair:1   | Killed Amaemon
 13620 | Lair:1   | Reached skill level 14 in Maces & Flails
 13905 | Lair:2   | Reached skill level 5 in Shields
 14018 | Lair:2   | Found a transporter.
 14043 | Lair:2   | Found a transporter.
 14754 | Lair:2   | Killed confidenceinterval's ghost
 14962 | Lair:3   | Found a staircase to the Shoals.
 15140 | Lair:3   | Gained mutation: Your large and strong wings let you fly.
                  | [Gargoyle growth]
 15140 | Lair:3   | Reached XP level 14. HP: 83/101 MP: 12/12
 15141 | Lair:3   | Reached skill level 1 in Throwing
 15141 | Lair:3   | Reached skill level 10 in Armour
 15282 | Lair:2   | Acquired the +0 hat of the Bard {Dex+6}
 15546 | Lair:3   | Found a staircase to the Snake Pit.
 16448 | Lair:4   | Reached ***** piety under Trog
 17248 | Lair:5   | Entered Level 5 of the Lair of Beasts
 17590 | Lair:5   | Reached skill level 5 in Stealth
 18258 | Lair:5   | Found a viscous altar of Jiyva.
 18259 | Lair:5   | Found a staircase to the Slime Pits.
 18359 | Lair:5   | Reached skill level 15 in Maces & Flails
 18361 | Lair:5   | Reached XP level 15. HP: 64/110 MP: 13/13
 19281 | Lair:5   | Reached skill level 10 in Shields
 19355 | Lair:5   | Found a corrupted altar of Lugonu.
 19355 | Lair:5   | Found a one-way gate to the infinite horrors of the Abyss.
 19689 | D:12     | Received a gift from Trog
 20346 | D:13     | Noticed Urug
 20359 | D:13     | Killed Urug
 20824 | D:13     | Reached skill level 10 in Dodging
 21087 | D:13     | Noticed Kirke
 21112 | D:13     | Killed Kirke
 21248 | D:13     | Reached XP level 16. HP: 117/117 MP: 14/14
 21280 | D:13     | Found a gate to the Vaults.
 21474 | Vaults:1 | Entered Level 1 of the Vaults
 21483 | Vaults:1 | Identified the +0 chain mail "Salicod" {Str-4 Int+4 Dex+4}
 21515 | Vaults:1 | Found a magical portal.
 21528 | WizLab   | Entered Maxwell's Workshop
 21876 | WizLab   | HP: 2/117 [peacekeeper (20)]
 21877 | WizLab   | Killed from afar by a war gargoyle

Illustrated notes

Levels and vault maps discovered:
D:1:      minmay_arrival_wavy_path, layout_loops_ring
D:2:      layout_loops_ring, serial_shops, nicolae_shop_drivethru, uniq_sigmund,
          uniq_crazy_yiuf_cottage, uniq_terence
D:3:      layout_loops_corners, lemuel_round_altar, portal_sewer_entry_e,
          serial_shops, shop, chequers_serial_rivers_small_3,
          minmay_misc_feat_rows
D:4:      layout_cave_pools
D:5:      layout_gridville, mainiacjoe_overflow_brackets,
          minmay_temple_entry_ruins, serial_shops, shop, uniq_blork_the_orc
D:6:      layout_cave_pools, mainiacjoe_overflow_six_doors_small,
          cheibrodos_ashenzari_chains, mainiacjoe_overflow_alcove_1,
          ebering_ghost_sewer_d, kennysheep_doodads, uniq_maggie
D:7:      layout_loops_cross, nicolae_uskayaw_dance_hall,
          cheibrodos_worm_habitat, nrook_mini_vaults, chequers_big_river
D:8:      layout_basic, lemuel_doored_altar, gammafunk_ghost_nasty_kobolds,
          kennysheep_kite_vault
D:9:      kb_forest_paths, layout_loops_ring, nicolae_sif_muna_condensation,
          uniq_harold
D:10:     layout_irregular_city
D:11:     dragon1_lemuel, layout_basic, orc_0_dummy
D:12:     layout_cross, kennysheep_generic_room_13
D:13:     minmay_box_of_statues, layout_irregular_city, david_vaults_4,
          uniq_kirke, uniq_urug
Lair:1:   layout_cave_pods, nicolae_volcano_entry_s_turn, st_stairs_10,
          chequers_serial_rivers_large_b, nzn_random_ring
Lair:2:   layout_layer_cave, nzn_ghost_randoct, chequers_serial_rivers_micro_e,
          hangedman_lair_generics_rect, uniq_amaemon
Lair:3:   layout_big_grid, minmay_shoals_entry_beasts,
          alex1729_snake_entry_snake
Lair:4:   layout_roguey, serial_bayou, serial_bayou_pond_c,
          serial_bayou_shore_a, serial_bayou_pond_c, serial_bayou_pond_c
Lair:5:   hellmonk_lair_end_abyssal_woods, layout_regular_city,
          nicolae_slime_entry_slimehenge, grunt_megastairs_1,
          lemuel_fruit_fields
Vaults:1: mu_enter_wizlab_2, vaults_room_boxed, grunt_vaults_bifocal, v_misc_33,
          nicolae_vaults_closet_pinwheel_5, nicolae_vaults_prndl,
          ontoclasm_vaults_ring_small, v_misc_18, ontoclasm_vaults_shuriken,
          hangedman_vaults_trim, v_pattern_1, layout_vaults_maze_snakey
WizLab:   wizlab_maxwell

Skill      XL: |  1  2  3  4  5  6  7  8  9 10 11 12 13 14 15 16 |
---------------+-------------------------------------------------+-----
Fighting       | 4 5 6 7 9 10 11 12 13 14 | 14.7
Axes           | 4 5 6 |  6.0
Armour         | 3 4 5 6 7 8 9 10 | 10.9
Dodging        | 2 3 4 5 7 8 9 10 | 10.6
Maces & Flails | 1 3 6 8 10 12 13 14 15 | 15.5
Stealth        | 1 2 3 4 5 |  5.7
Shields        | 3 6 9 11 12 | 12.5
Throwing       | 1 |  1.3

Action                     |  1- 3 |  4- 6 |  7- 9 | 10-12 | 13-15 | 16-18 || total
---------------------------+-------+-------+-------+-------+-------+-------++-------
  Melee: Hand axe          |    12 |    48 |       |     1 |    51 |       ||   112
         Mace              |       |    76 |   301 |   607 |  1258 |   140 ||  2382
         Punch             |       |     3 |     3 |     3 |       |       ||     9
  Throw: Dart              |       |       |       |     1 |    13 |       ||    14
 Invoke: Berserk           |     1 |     2 |     5 |     8 |    10 |     5 ||    31
         Trog's Hand       |       |       |     2 |     9 |    14 |     5 ||    30
         Brothers in Arms  |       |       |       |     4 |     6 |     3 ||    13
    Use: Scroll            |     4 |     2 |    14 |    10 |     4 |     2 ||    36
         Potion            |       |       |     2 |     1 |     5 |     2 ||    10
   Stab: Sleeping          |       |       |       |     1 |     9 |     1 ||    11
         Distracted        |       |       |       |       |     1 |       ||     1
 Armour: Scale mail        |     5 |   117 |   301 |       |       |       ||   423
         Swamp dragon scal |       |       |    45 |   487 |   885 |   125 ||  1542
  Dodge: Dodged            |     7 |    94 |   260 |   331 |   858 |    76 ||  1626
  Block: Kite shield       |       |       |       |   104 |   841 |   116 ||  1061

Table legend: (Time is in decaauts)
 A = Elapsed time spent in this place.
 B = Non-inter-level travel time spent in this place.
 C = Inter-level travel time spent in this place.
 D = Time resting spent in this place.
 E = Time spent auto-exploring this place.
 F = Levels seen in this place.
 G = Mean time per level.
                   A        B        C        D        E       F      G
               +--------+--------+--------+--------+--------+-----+--------+
         Total |  21876 |  21041 |    835 |   1745 |  13737 |  21 | 1041.7 |
       Dungeon |  12469 |  11853 |    616 |    605 |   8406 |  13 |  959.2 |
          Lair |   8129 |   7910 |    219 |   1047 |   4724 |   5 | 1625.8 |
        Vaults |     51 |     51 |      0 |     10 |      5 |   1 |   51.0 |
         Sewer |    874 |    874 |      0 |      0 |    531 |   1 |  874.0 |
        Wizlab |    351 |    351 |      0 |     82 |     69 |   1 |  351.0 |
               +--------+--------+--------+--------+--------+-----+--------+

Top non-repeatable levels by time:
  Lair:2: 2179 daAuts
  Lair:5: 1940 daAuts
  Lair:1: 1884 daAuts
    D:11: 1595 daAuts
     D:9: 1473 daAuts
  Lair:4: 1334 daAuts
     D:8: 1204 daAuts
     D:3: 1199 daAuts
    D:13: 1188 daAuts
    D:10: 1049 daAuts
   Sewer: 874 daAuts
     D:2: 870 daAuts
     D:6: 842 daAuts
  Lair:3: 791 daAuts
     D:7: 687 daAuts
